Map: Ley Lines

Players

Spirit (souL)

  • Race: Terran Terran
  • League: Master
  • Spawn Location: 7:00

BabyMarine - Winner!

  • Race: Terran Terran
  • Spawn Location: 1:00

Event: HomeStory Cup XXVII

VOD

Have the link to the VOD?

Description

Time

  • Played on: June 27, 2025, 11:41 a.m.
  • Length: 7:28

All games in this series

Show
View Real Time Build Order
Export as new Build Order

Spirit Terran 

Build Orders:  

Get SALT Encoding   

  12  0:00  SCV  
  13  0:13  SCV  
  14  0:16  Supply Depot  
  14  0:25  SCV  
  15  0:38  SCV  
  15  0:40  Barracks  
  16  0:44  Refinery  
  16  0:50  SCV  
  16  0:52  Refinery  
  17  1:02  SCV  
  18  1:14  SCV  
  19  1:27  Orbital Command, Reaper  
  20  1:33  Supply Depot  
  20  1:41  Factory  
  20  1:53  SCV  
  21  2:00  Barracks Reactor  
  21  2:05  SCV  
  22  2:18  Command Center, SCV  
  23  2:27  Hellion  
  25  2:31  SCV  
  26  2:37  Reaper x2  
  26  2:43  SCV  
  28  2:49  Hellion  
  30  2:51  Supply Depot  
  30  2:56  SCV  
  31  3:00  Starport  
  31  3:12  Marine x2, Factory Tech Lab  
  31  3:13  SCV  
  34  3:25  SCV  
  35  3:32  Marine x2  
  35  3:33  Cyclone  
  38  3:35  SCV  
  39  3:47  SCV  
  38  3:50  Starport Tech Lab  
  38  3:53  Orbital Command  
  38  3:54  Marine x2  
  38  3:55  Refinery  
  39  3:59  SCV  
  40  4:05  Siege Tank  
  43  4:11  SCV  
  43  4:12  Marine x2  
  46  4:18  SCV  
  46  4:19  Raven  
  46  4:23  Supply Depot, SCV  
  50  4:29  Marine  
  50  4:30  SCV  
  52  4:35  SCV, Interference Matrix  
  52  4:36  Marine  
  54  4:45  Supply Depot, SCV  
  55  4:47  SCV  
  55  4:48  Supply Depot  
  56  4:53  Marine  
  56  4:54  Raven  
  56  4:57  SCV  
  56  4:59  SCV  
  60  5:07  Siege Tank  
  61  5:13  Marine  
  62  5:14  Command Center, Marine  
  62  5:17  SCV  
  64  5:21  SCV  
  64  5:26  Supply Depot  
  64  5:28  Raven  
  67  5:29  SCV  
  67  5:34  SCV  
  67  5:35  Marine x2  
  71  5:41  SCV  
  72  5:42  Siege Tank  
  72  5:46  SCV  
  72  5:48  Supply Depot  
  73  5:53  Marine x2, SCV  
  76  5:57  Barracks  
  76  5:59  Barracks  
  76  6:03  Supply Depot x2  
  76  6:06  SCV  
  77  6:14  SCV  
  77  6:21  Siege Tank  
  77  6:22  Viking x2  
  77  6:24  SCV  
  85  6:25  Refinery  
  84  6:34  Orbital Command  
  84  6:35  Marine  
  85  6:47  SCV  
  74  6:49  SCV  
  74  6:51  Marine  
  74  6:53  Marine x2  
  34  7:09  Marine  
Show
View Real Time Build Order
Export as new Build Order

BabyMarine Terran - Winner!

Build Orders:  

Get SALT Encoding   

  12  0:00  SCV  
  13  0:12  SCV  
  14  0:17  Supply Depot  
  14  0:24  SCV  
  15  0:38  SCV  
  15  0:39  Barracks  
  16  0:43  Refinery  
  16  0:50  SCV  
  16  0:52  Refinery  
  17  1:02  SCV  
  18  1:15  SCV  
  19  1:26  Reaper  
  19  1:27  Orbital Command  
  19  1:31  Supply Depot  
  20  1:42  Factory  
  20  1:52  SCV  
  21  1:59  Barracks Reactor  
  21  2:04  SCV  
  22  2:16  SCV  
  22  2:22  Command Center  
  23  2:32  SCV  
  23  2:35  Hellion  
  26  2:38  Reaper  
  26  2:45  Reaper  
  26  2:46  SCV  
  28  2:51  Supply Depot  
  28  2:56  Hellion  
  30  2:59  Starport  
  30  3:01  SCV  
  31  3:13  Marine  
  31  3:15  SCV  
  31  3:17  Marine  
  31  3:18  Refinery  
  34  3:20  Factory Tech Lab  
  34  3:27  SCV  
  34  3:30  Marine  
  36  3:35  Marine  
  36  3:39  SCV  
  36  3:40  Orbital Command  
  35  3:45  Siege Tank  
  36  3:51  SCV  
  36  3:53  Medivac  
  39  3:57  Marine  
  40  4:02  Marine  
  40  4:04  SCV  
  40  4:07  SCV  
  43  4:16  SCV  
  44  4:17  Supply Depot  
  44  4:19  SCV  
  48  4:24  Siege Tank  
  48  4:32  Viking  
  48  4:36  Viking  
  48  4:38  Marine  
  52  4:40  SCV  
  52  4:43  SCV  
  55  4:52  SCV  
  56  4:56  Marine  
  57  5:00  SCV  
  57  5:01  Siege Tank  
  57  5:04  Viking  
  62  5:08  Supply Depot  
  62  5:09  SCV  
  62  5:11  Viking  
  62  5:14  Marine  
  65  5:16  SCV  
  67  5:30  SCV  
  67  5:31  Refinery  
  67  5:33  Liberator  
  71  5:37  Siege Tank  
  71  5:38  Marine  
  71  5:39  SCV  
  76  5:47  Viking  
  78  5:57  Supply Depot x2  
  78  6:18  Siege Tank, SCV x2  
  83  6:22  Liberator  
  86  6:30  SCV x2  
  88  6:37  Command Center  
  88  6:39  Liberator  
  91  6:42  SCV  
  91  6:43  SCV  
  73  6:54  SCV  
  73  6:55  SCV  
  72  7:06  SCV  
  72  7:07  SCV  
Tags
 
League
Master
Matchup
TvT
Race
Terran
Replay Pack
hsc27
Spawn Locations
Cross Positions
Add a new tag
Caveats
  • Supply blocks, unpowered buildings, or Contaminate may cause inaccurate times.
  • Supply counts are checked every 10 seconds.